SKY
COLORADO ROCKIES @ BALTIMORE ORIOLES
07/06/2052
 
TOP OF THE 1ST
Colorado Rockies batting - Pitching for Baltimore Orioles : RHP Patrick Class
Pitching: RHP Patrick Class
Batting: RHB Kymani Whitley 0-0: Swinging Strike
0-1: Bunt missed!
0-2: Strikes out swinging
Batting: LHB Landon Ramsburg 0-0: Swinging Strike
0-1: Ball
1-1: SINGLE (Groundball, 56D, EV 100.6 MPH)
Batting: RHB Henry Vandervort 0-0: Foul Ball, location: 2F
0-1: SINGLE (Line Drive, 6M, EV 95.6 MPH)
Landon Ramsburg to second
Batting: RHB Keiran Coleman 0-0: Ball
1-0: Called Strike
1-1: Ball
2-1: Foul Ball, location: 2F
2-2: Strikes out swinging
Batting: RHB Vic Soler 0-0: Called Strike
0-1: Called Strike
0-2: Ball
1-2: Fly out, F9 (Line Drive, 9S, EV 103.1 MPH)
Top of the 1st over - 0 runs, 2 hits, 0 errors, 2 left on base; Colorado 0 - Baltimore 0
BOTTOM OF THE 1ST
Baltimore Orioles batting - Pitching for Colorado Rockies : RHP Tommy Andersen
Pitching: RHP Tommy Andersen
Batting: LHB Tony Goerner 0-0: Ball
1-0: Ball
2-0: Swinging Strike
2-1: Foul Ball, location: 7LMF
2-2: Ball
3-2: Foul Ball, location: 2F
3-2: Fly out, F8 (Flyball, 8RD, EV 103.8 MPH)
Batting: SHB Magglio Trego 0-0: DOUBLE (Line Drive, 5D, EV 104.4 MPH)
Batting: SHB Kaleb Drew 0-0: Foul Ball, location: 3SF
0-1: Called Strike
0-2: Foul Ball, location: 23F
0-2: Ball
1-2: Ball
2-2: Ground out 4-3 (Groundball, 4, EV 81.3 MPH)
Magglio Trego to third
Batting: LHB Shaun Lane 0-0: Foul Ball, location: 3DF
0-1: Ball
1-1: Ball
2-1: Foul Ball, location: 2RF
2-2: Ground out 4-3 (Groundball, 4, EV 79.4 MPH)
Bottom of the 1st over - 0 runs, 1 hit, 0 errors, 1 left on base; Colorado 0 - Baltimore 0
TOP OF THE 2ND
Colorado Rockies batting - Pitching for Baltimore Orioles : RHP Patrick Class
Batting: LHB Thomas Smith 0-0: Called Strike
0-1: Ground out 6-3 (Groundball, 6, EV 88.8 MPH)
Batting: RHB Dale Lovell 0-0: Called Strike
0-1: SINGLE (Line Drive, 8RS, EV 96.9 MPH)
Batting: LHB Garrett Clark 0-0: Ball
1-0: Fielders Choice at 2nd, 4-6 (Groundball, 34, EV 110.6 MPH)
Batting: RHB Vincent Gadd 0-0: Ball
Garrett Clark steals 2nd base
1-0: Foul Ball, location: 2F
1-1: Ball
2-1: Fly out, F4 (Flyball, 4D, EV 97.5 MPH)
Top of the 2nd over - 0 runs, 1 hit, 0 errors, 1 left on base; Colorado 0 - Baltimore 0
BOTTOM OF THE 2ND
Baltimore Orioles batting - Pitching for Colorado Rockies : RHP Tommy Andersen
Batting: RHB Cooper Bean 0-0: Ball
1-0: Foul Ball, location: 23F
1-1: Foul Ball, location: 3DF
1-2: Strikes out swinging, 2-3 out at first.
Batting: RHB Gunner Parks 0-0: Called Strike
0-1: Ball
1-1: Ball
2-1: Foul Ball, location: 9LDF
2-2: Foul Ball, location: 7LMFF
2-2: Strikes out swinging
Batting: RHB Dong-Kyoon Shin 0-0: Called Strike
0-1: Ball
1-1: DOUBLE (Groundball, 5L, EV 103.1 MPH)
Batting: RHB Martin Taylor 0-0: SINGLE (Flyball, 7LS, EV 100.0 MPH)
Dong-Kyoon Shin to third
Runner from 3rd tries for Home, SAFE, throw by LF to home
Batting: RHB Gonçalo Melo 0-0: Called Strike
0-1: Foul Ball, location: 3FF
0-2: Foul Ball, location: 9LDF
0-2: Ball
1-2: Foul Ball, location: 7LSF
1-2: Ball
2-2: Strikes out swinging, 2-3 out at first.
Bottom of the 2nd over - 1 run, 2 hits, 0 errors, 1 left on base; Colorado 0 - Baltimore 1
TOP OF THE 3RD
Colorado Rockies batting - Pitching for Baltimore Orioles : RHP Patrick Class
Batting: RHB Kymani Whitley 0-0: Called Strike
0-1: Ground out 6-3 (Groundball, 6, EV 84.4 MPH)
Batting: LHB Landon Ramsburg 0-0: Ball
1-0: Foul Ball, location: 3FF
1-1: Ball
2-1: Swinging Strike
2-2: Foul Ball, location: 25F
2-2: Ball
3-2: DOUBLE (Line Drive, 9LM, EV 93.1 MPH)
Batting: RHB Henry Vandervort 0-0: Ball
1-0: DOUBLE (Groundball, 5L, EV 103.8 MPH)
Landon Ramsburg scores
Batting: RHB Keiran Coleman 0-0: Ball
1-0: Called Strike
1-1: Foul Ball, location: 3SF
1-2: Ball
2-2: Ball
3-2: Strikes out swinging
Batting: RHB Vic Soler 0-0: Ball
1-0: Swinging Strike
1-1: Fly out, F9 (Line Drive, 9, EV 101.3 MPH)
Top of the 3rd over - 1 run, 2 hits, 0 errors, 1 left on base; Colorado 1 - Baltimore 1
BOTTOM OF THE 3RD
Baltimore Orioles batting - Pitching for Colorado Rockies : RHP Tommy Andersen
Batting: LHB Tony Goerner 0-0: Ball
1-0: Ball
2-0: Called Strike
2-1: SOLO HOME RUN (Flyball, 89XD, EV 110.6 MPH), Distance : 424 ft
Batting: SHB Magglio Trego 0-0: Called Strike
0-1: SINGLE (Line Drive, 9S, EV 96.3 MPH)
Batting: SHB Kaleb Drew 0-0: Foul Ball, location: 23FF
0-1: Called Strike
0-2: Ball
1-2: Strikes out swinging
Batting: LHB Shaun Lane 0-0: Ball
1-0: Ball
2-0: Swinging Strike
2-1: Ball
3-1: Base on Balls
Magglio Trego to second
Batting: RHB Cooper Bean 0-0: Ball
1-0: Called Strike
1-1: Ground out 6-3 (Groundball, 4MD, EV 108.8 MPH)
Magglio Trego to third
Shaun Lane to second
Batting: RHB Gunner Parks 0-0: Ball
1-0: Swinging Strike
1-1: Fly out, F7 (Flyball, 7, EV 92.5 MPH)
Bottom of the 3rd over - 1 run, 2 hits, 0 errors, 2 left on base; Colorado 1 - Baltimore 2
TOP OF THE 4TH
Colorado Rockies batting - Pitching for Baltimore Orioles : RHP Patrick Class
Batting: LHB Thomas Smith 0-0: Ball
1-0: Swinging Strike
1-1: Ground out 6-3 (Groundball, 6S, EV 71.3 MPH)
Batting: RHB Dale Lovell 0-0: Fly out, F7 (Flyball, 78D, EV 93.8 MPH)
Batting: LHB Garrett Clark 0-0: Ball
1-0: Called Strike
1-1: Foul Ball, location: 7LSF
1-2: SINGLE (Line Drive, 4MD, EV 94.4 MPH)
Batting: RHB Vincent Gadd 0-0: Ball
1-0: Swinging Strike
1-1: Called Strike
1-2: Strikes out swinging
Top of the 4th over - 0 runs, 1 hit, 0 errors, 1 left on base; Colorado 1 - Baltimore 2
BOTTOM OF THE 4TH
Baltimore Orioles batting - Pitching for Colorado Rockies : RHP Tommy Andersen
Batting: RHB Dong-Kyoon Shin 0-0: Ball
1-0: Ball
2-0: Called Strike
2-1: Foul Ball, location: 2F
2-2: Fly out, F9 (Flyball, 9LM, EV 86.9 MPH)
Batting: RHB Martin Taylor 0-0: Ball
1-0: Ground out 5-3 (Groundball, 56D, EV 83.1 MPH)
Batting: RHB Gonçalo Melo 0-0: Called Strike
0-1: Swinging Strike
0-2: Foul Ball, location: 9LMF
0-2: Ball
1-2: Foul Ball, location: 3F
1-2: Ball
2-2: Foul Ball, location: 23FF
2-2: Foul Ball, location: 9LDF
2-2: Strikes out looking
Bottom of the 4th over - 0 runs, 0 hits, 0 errors, 0 left on base; Colorado 1 - Baltimore 2
TOP OF THE 5TH
Colorado Rockies batting - Pitching for Baltimore Orioles : RHP Patrick Class
Batting: RHB Kymani Whitley 0-0: Ground out 4-3 (Groundball, 4, EV 108.1 MPH)
Batting: LHB Landon Ramsburg 0-0: Ball
1-0: Called Strike
1-1: Swinging Strike
1-2: Ball
2-2: Strikes out swinging
Batting: RHB Henry Vandervort 0-0: Ball
1-0: Fly out, F5 (Line Drive, 56, EV 74.4 MPH)
Top of the 5th over - 0 runs, 0 hits, 0 errors, 0 left on base; Colorado 1 - Baltimore 2
BOTTOM OF THE 5TH
Baltimore Orioles batting - Pitching for Colorado Rockies : RHP Tommy Andersen
Batting: LHB Tony Goerner 0-0: Ball
1-0: Ball
2-0: Foul Ball, location: 7LSF
2-1: Swinging Strike
2-2: Strikes out swinging
Batting: SHB Magglio Trego 0-0: Ground out 4-3 (Groundball, 4, EV 102.5 MPH)
Batting: SHB Kaleb Drew 0-0: Ball
1-0: Foul Ball, location: 2F
1-1: Foul Ball, location: 2F
1-2: Ball
2-2: Ball
3-2: Fly out, F7 (Line Drive, 7LS, EV 93.8 MPH)
Bottom of the 5th over - 0 runs, 0 hits, 0 errors, 0 left on base; Colorado 1 - Baltimore 2
TOP OF THE 6TH
Colorado Rockies batting - Pitching for Baltimore Orioles : RHP Patrick Class
Batting: RHB Keiran Coleman 0-0: Foul Ball, location: 9LMFF
0-1: Swinging Strike
0-2: Foul Ball, location: 9LSF
0-2: Ball
1-2: Ball
2-2: Strikes out swinging
Batting: RHB Vic Soler 0-0: Called Strike
0-1: Ball
1-1: Foul Ball, location: 9LDF
1-2: Ball
2-2: Ball
3-2: Base on Balls
Batting: LHB Thomas Smith 0-0: Called Strike
0-1: Ball
1-1: Ball
2-1: Swinging Strike
2-2: Foul Ball, location: 9LDF
2-2: Strikes out swinging
Batting: RHB Dale Lovell 0-0: Fly out, F6 (Line Drive, 6MD, EV 69.4 MPH)
Top of the 6th over - 0 runs, 0 hits, 0 errors, 1 left on base; Colorado 1 - Baltimore 2
BOTTOM OF THE 6TH
Baltimore Orioles batting - Pitching for Colorado Rockies : RHP Tommy Andersen
Pitching: RHP J.J. Levy
Batting: LHB Shaun Lane 0-0: Called Strike
0-1: Ball
1-1: Swinging Strike
1-2: Ball
2-2: Foul Ball, location: 9LDF
2-2: Ball
3-2: Strikes out swinging
Batting: RHB Cooper Bean 0-0: Ball
1-0: Called Strike
1-1: Called Strike
1-2: Foul Ball, location: 2F
1-2: Ball
2-2: Fly out, F9 (Flyball, 89S, EV 71.3 MPH)
Batting: RHB Gunner Parks 0-0: Ball
1-0: Ball
2-0: Ground out 4-3 (Groundball, 4, EV 90.6 MPH)
Bottom of the 6th over - 0 runs, 0 hits, 0 errors, 0 left on base; Colorado 1 - Baltimore 2
TOP OF THE 7TH
Colorado Rockies batting - Pitching for Baltimore Orioles : RHP Patrick Class
Pitching: RHP Pat Judd
Batting: LHB Garrett Clark 0-0: Called Strike
0-1: Ball
1-1: Swinging Strike
1-2: Ball
2-2: Strikes out swinging
Batting: RHB Vincent Gadd 0-0: Called Strike
0-1: Ball
1-1: Ball
2-1: Foul Ball, location: 5F
2-2: Fly out, F9 (Flyball, 89M, EV 81.3 MPH)
Batting: RHB Kymani Whitley 0-0: Called Strike
0-1: Foul Ball, location: 2F
0-2: Ball
1-2: Ball
2-2: Ball
3-2: Base on Balls
Batting: LHB Landon Ramsburg 0-0: Ball
1-0: Ball
2-0: Ball
3-0: Called Strike
3-1: Foul Ball, location: 7LSF
3-2: Base on Balls
Kymani Whitley to second
Pinch Hitting: LHB Damian Rinehart 0-0: Called Strike
0-1: Foul Ball, location: 5DF
0-2: Ball
1-2: Ball
2-2: Foul Ball, location: 9LDF
2-2: Ground out 1-3 (Groundball, 34S, EV 70.6 MPH)
Top of the 7th over - 0 runs, 0 hits, 0 errors, 2 left on base; Colorado 1 - Baltimore 2
BOTTOM OF THE 7TH
Baltimore Orioles batting - Pitching for Colorado Rockies : RHP J.J. Levy
Now at 2B: Matthew Stephens
Now at 3B: Vic Soler
Batting: RHB Dong-Kyoon Shin 0-0: Called Strike
0-1: Ball
1-1: Called Strike
1-2: Fly out, F9 (Flyball, 9S, EV 83.8 MPH)
Batting: RHB Martin Taylor 0-0: Ball
1-0: Ball
2-0: Foul Ball, location: 2F
2-1: Swinging Strike
2-2: Foul Ball, location: 3F
2-2: Foul Ball, location: 2F
2-2: Strikes out swinging
Batting: RHB Gonçalo Melo 0-0: Fly out, F9 (Flyball, 89M, EV 86.3 MPH)
Bottom of the 7th over - 0 runs, 0 hits, 0 errors, 0 left on base; Colorado 1 - Baltimore 2
TOP OF THE 8TH
Colorado Rockies batting - Pitching for Baltimore Orioles : RHP Pat Judd
Pitching: RHP Charlie Kerr
Batting: RHB Keiran Coleman 0-0: Ball
1-0: Ball
2-0: Reached on error, E4 (Groundball, 4, EV 79.4 MPH)
Batting: RHB Vic Soler 0-0: Called Strike
0-1: Ball
1-1: Foul Ball, location: 2F
1-2: Ball
2-2: Strikes out swinging
Batting: LHB Thomas Smith 0-0: Swinging Strike
0-1: Swinging Strike
0-2: Ball
1-2: Foul Ball, location: 5FF
1-2: Ball
2-2: Strikes out swinging
Batting: RHB Dale Lovell 0-0: Ball
1-0: Ball
2-0: SINGLE (Line Drive, 89S, EV 103.8 MPH)
Keiran Coleman to second
Runner from 2nd tries for 3rd, SAFE, no throw by RF
Batting: LHB Garrett Clark 0-0: Called Strike
0-1: Swinging Strike
0-2: Foul Ball, location: 5FF
0-2: Strikes out looking
Top of the 8th over - 0 runs, 1 hit, 1 error, 2 left on base; Colorado 1 - Baltimore 2
BOTTOM OF THE 8TH
Baltimore Orioles batting - Pitching for Colorado Rockies : RHP J.J. Levy
Pitching: LHP P.J. Danguilan
Batting: LHB Tony Goerner 0-0: Fly out, F6 (Popup, 6, EV 65.0 MPH)
Batting: SHB Magglio Trego 0-0: Foul Ball, location: 9LSF
0-1: Foul Ball, location: 7LSF
0-2: Ball
1-2: Ball
2-2: Ball
3-2: Strikes out looking
Batting: SHB Kaleb Drew 0-0: Called Strike
0-1: Swinging Strike
0-2: Ball
1-2: Ball
2-2: Foul Ball, location: 5FF
2-2: Strikes out swinging
Bottom of the 8th over - 0 runs, 0 hits, 0 errors, 0 left on base; Colorado 1 - Baltimore 2
TOP OF THE 9TH
Colorado Rockies batting - Pitching for Baltimore Orioles : RHP Charlie Kerr
Batting: RHB Vincent Gadd 0-0: Swinging Strike
0-1: Foul Ball, location: 23FF
0-2: Ball
1-2: Fly out, F4 (Flyball, 4D, EV 95.6 MPH)
Batting: RHB Kymani Whitley 0-0: Ball
1-0: SOLO HOME RUN (Flyball, 78XD, EV 100.0 MPH), Distance : 379 ft
Batting: LHB Landon Ramsburg 0-0: Ball
1-0: Foul Ball, location: 3FF
1-1: Foul Ball, location: 5SF
1-2: Foul Ball, location: 5DF
1-2: SINGLE (Line Drive, 6D, EV 108.1 MPH)
Batting: RHB Matthew Stephens 0-0: Called Strike
0-1: Foul Ball, location: 3FF
0-2: Foul Ball, location: 5FF
0-2: TRIPLE (Flyball, 89XD, EV 107.5 MPH)
Landon Ramsburg scores
Batting: RHB Keiran Coleman 0-0: Intentional Walk
Batting: RHB Vic Soler 0-0: Fly out, F6 (Popup, 6MD, EV 49.4 MPH)
Batting: LHB Thomas Smith 0-0: SINGLE (Line Drive, 78S, EV 98.1 MPH)
Matthew Stephens scores
Keiran Coleman to second
Runner from 2nd tries for 3rd, SAFE, throw by LF made to third
Batting: RHB Dale Lovell 0-0: Called Strike
0-1: Fly out, F6 (Popup, 6, EV 56.3 MPH)
Top of the 9th over - 3 runs, 4 hits, 0 errors, 2 left on base; Colorado 4 - Baltimore 2
BOTTOM OF THE 9TH
Baltimore Orioles batting - Pitching for Colorado Rockies : LHP P.J. Danguilan
Pitching: LHP Marcus Graham
Batting: LHB Shaun Lane 0-0: Ground out 6-3 (Groundball, 6M, EV 104.4 MPH)
Batting: RHB Cooper Bean 0-0: Ball
1-0: Ground out 6-3 (Groundball, 56, EV 81.3 MPH)
Batting: RHB Gunner Parks 0-0: Ball
1-0: SINGLE (Line Drive, 6D, EV 100.0 MPH)
Batting: RHB Dong-Kyoon Shin 0-0: Foul Ball, location: 5FF
0-1: Fly out, F7 (Flyball, 78D, EV 95.0 MPH)
Bottom of the 9th over - 0 runs, 1 hit, 0 errors, 1 left on base; Colorado 4 - Baltimore 2
Saturday, April 27th , 2024 - OOTP Baseball 24.11 Build 85